 Dungeon Crawl Stone Soup version 0.23.2-40-g277498a001 (webtiles) character file.

Game seed: 8408526479511640320

51 Descartes the Shield-Bearer (level 4, 0/36 HPs)
             Began as a Formicid Fighter on Sept 26, 2019.
             Slain by a leopard gecko (3 damage)
             ... on level 2 of the Dungeon.
             The game lasted 00:01:52 (914 turns).

Descartes the Shield-Bearer (Formicid Fighter)       Turns: 914, Time: 00:01:52

Health: 0/36       AC:  7    Str: 22    XL:     4   Next: 7%
Magic:  4/4        EV:  8    Int:  7    God:
Gold:   40         SH:  9    Dex: 10    Spells: 3/3 levels left

rFire    . . .     SeeInvis +   a - +0 war axe
rCold    . . .     Gourm    .   c - +0 shield
rNeg     . . .     Faith    .   b - +0 scale mail
rPois    .         Spirit   .   (helmet unavailable)
rElec    .         Reflect  .   (no cloak)
rCorr    .         Harm     .   (no gloves)
MR       +....                  (no boots)
Stlth    ..........             (no amulet)
HPRegen  0.12/turn              o - ring of protection from magic
MPRegen  0.09/turn              (no ring)

@: lethally poisoned (0 -> -5), flying
A: permanent stasis, dig shafts and tunnels, four strong arms, antennae 3
a: Dig, Shaft Self


You were on level 2 of the Dungeon.
You were not hungry.

You visited 1 branch of the dungeon, and saw 2 of its levels.

You collected 40 gold pieces.

Inventory:

Hand Weapons
 a - a +0 war axe (weapon)
Missiles
 j - 11 poisoned needles
Armour
 b - a +0 scale mail (worn)
 c - a +0 shield (worn)
Jewellery
 o - a ring of protection from magic (left hand)
Scrolls
 e - a scroll of random uselessness {unknown}
 i - 3 scrolls of identify {unknown}
Potions
 d - a potion of might
 h - a potion of flight
 k - a potion of berserk rage {unknown}
 l - a potion of haste {unknown}
 m - a potion of curing {unknown}
 n - 2 potions of ambrosia {unknown}
Comestibles
 f - 4 rations
 g - 4 chunks of flesh


   Skills:
 + Level 3.6 Fighting
 + Level 2.6 Axes
 + Level 3.8 Armour
 + Level 0.3 Dodging
 + Level 4.2 Shields


You had 3 spell levels left.
You didn't know any spells.
Your spell library was empty.

Dungeon Overview and Level Annotations

Branches:
Dungeon (2/15)

Altars:


Innate Abilities, Weirdness & Mutations

You cannot be hasted, slowed, berserked, paralysed or teleported.
You can dig through walls and to a lower floor.
Your four strong arms can wield two-handed weapons with a shield.
You have a pair of large antennae on your head. (SInv)


Message History

You block the adder's attack.
You closely miss the adder. You barely miss the leopard gecko.
* * * LOW HITPOINT WARNING * * *
You feel sick.
The leopard gecko bites you but does no damage.
You block the adder's attack.
The leopard gecko bites you but does no damage.
You slash the adder!
You kill the adder!
You have reached level 4!
You feel stronger.
You miss the leopard gecko.
* * * LOW HITPOINT WARNING * * *
You feel sick. You block the leopard gecko's attack.
It was a potion of flight.
You feel very buoyant.
You fly up into the air.
* * * LOW HITPOINT WARNING * * *
You feel sick. The leopard gecko bites you.
You die...

##.. ..#.
...## #...{ .{
........ ..#
....?.# ....
..#..#
#.#..#....##
...........###
#
#....g#....#.#
###.#l@$#....#
#.#.#....#
#....รท...#
#..#.......#
##
#....##..$..
#...## ####.
.....# #.....
#####.


You could see a leopard gecko and a goblin.

Vanquished Creatures
  2 adders (D:2)
  An ooze (D:1)
  A dart slug (D:1)
  A leopard gecko (D:1)
  2 bats (D:1)
  A giant cockroach (D:1)
  5 hobgoblins
  5 kobolds (D:1)
  A ball python (D:1)
  2 goblins (D:1)
  8 rats (D:1)
29 creatures vanquished.

Notes
Turn   | Place    | Note
-------+----------+-------------------------------------------
     0 | D:1      | Descartes the Formicid Fighter began the quest for the Orb.
     0 | D:1      | Reached XP level 1. HP: 18/18 MP: 1/1
   159 | D:1      | Reached XP level 2. HP: 23/24 MP: 2/2
   384 | D:1      | Reached skill level 4 in Shields
   384 | D:1      | Reached XP level 3. HP: 29/29 MP: 3/3
   913 | D:2      | Reached XP level 4. HP: 5/36 MP: 4/4
   914 | D:2      | Slain by a leopard gecko

Skill      XL: |  1  2 |
---------------+-------+-----
Shields        | 4 |  4.2
Fighting       | |  3.6
Axes           | |  2.6
Armour         | |  3.8
Dodging        | |  0.3

Action                   |  1- 3 |  4- 6 || total
-------------------------+-------+-------++-------
Melee: War axe           |   112 |       ||   112
  Use: Potion            |       |     1 ||     1
Armor: Scale mail        |    51 |       ||    51
Dodge: Dodged            |    39 |       ||    39
Block: Shield            |    69 |     1 ||    70
